AoeStats
← Mr. Penis

Arena

506365683Analyzed
4v4 RM · 18d ago on Sep 13, 2026· 51m 20s· 8 players
Game mode
Random Map
Map size
Large (8 player)
Population
200
Speed
Normal
Resources
Standard
Victory
Conquest
Starting age
Dark Age
Ending age
Imperial Age
RankedLock teamsTeams togetherTeam positionsShared explorationLock speedFull tech treeHidden civsTurbo modeCheats
Victory
Defeat
1277
+17
🇨🇴 Portuguese · Colombia
1266
+17
🇨🇳 Berbers · China
1239
+18
🇧🇷 Gurjaras · Brazil
1225
+20
🇹🇷 Persians · Türkiye
1297
-18
🇷🇺 Jurchens · Russia
1294
-18
🇳🇴 Italians · Norway
1291
-18
🇨🇳 Muisca · China
1284
-18
SS_Creuzebeck
10:13 Feudal Age
12:39 Loom
15:15 Castle Age
14:23 Double-Bit Axe
15:30 Wheelbarrow
15:27 Horse Collar
16:06 Bow Saw
20:53 Fletching
23:02 Heavy Plow
23:13 Padded Archer Armor
24:02 Thumb Ring
24:18 Gold Mining
26:03 Hand Cart
25:38 Town Watch
31:03 Imperial Age
29:33 Bloodlines
29:23 Husbandry
29:20 Bodkin Arrow
29:41 Leather Archer Armor
28:50 Elite Skirmisher
30:04 Scale Barding Armor
30:10 Forging
30:22 Caravan
31:19 Stone Mining
31:04 Elite Elephant Archer
31:49 Bracer
32:13 Ballistics
32:53 Chemistry
32:04 Masonry
33:18 Coinage
33:46 Chain Barding Armor
34:03 Crop Rotation
34:11 Gold Shaft Mining
34:57 Banking
40:08 Conscription
40:52 Stone Shaft Mining
40:52 Kshatriyas
41:48 Frontier Guards
47:38 Architecture
47:50 Hoardings
50:06 Elite Chakram Thrower
50:47 Scale Mail Armor
51:16 Fortified Wall
51:01 Murder Holes
50:47 Treadmill Crane
Gokhy
11:17 Feudal Age
15:23 Castle Age
13:48 Double-Bit Axe
13:45 Horse Collar
16:04 Loom
18:05 Bow Saw
17:56 Heavy Plow
18:19 Gold Mining
28:15 Imperial Age
28:49 Wheelbarrow
32:55 Fletching
33:50 Bodkin Arrow
39:13 Stone Mining
39:53 Forging
39:43 Scale Mail Armor
41:38 Caravan
41:00 Pikeman
41:26 Arson
41:05 Man-at-Arms
41:30 Gambesons
42:02 Long Swordsman
43:21 Two-Handed Swordsman
44:27 Hand Cart
45:11 Iron Casting
44:53 Chain Mail Armor
44:11 Halberdier
44:12 Champion
45:27 Town Watch
46:51 Blast Furnace
48:01 Two-Man Saw
47:33 Crop Rotation
47:47 Plate Mail Armor
48:13 Stone Shaft Mining
49:32 Chemistry
48:43 Town Patrol
2ʙ♥ˡᵒᵛᵉᵧₒᵤ
0:40 Loom
10:20 Feudal Age
11:18 Double-Bit Axe
11:15 Horse Collar
16:48 Castle Age
15:25 Stone Mining
15:38 Gold Mining
18:14 Heavy Plow
20:30 Bow Saw
25:22 Gold Shaft Mining
28:10 Wheelbarrow
30:49 Imperial Age
30:58 Hand Cart
31:45 Ballistas
31:08 Heavy Scorpion
32:20 Ballistics
32:53 Conscription
33:05 Siege Engineers
34:48 Chemistry
33:15 Pikeman
33:56 Squires
34:02 Scale Mail Armor
34:45 Halberdier
37:06 Forging
37:11 Chain Mail Armor
39:58 Iron Casting
39:24 Capped Ram
43:14 Blast Furnace
42:42 Fortified Wall
48:24 Siege Ram
湾湾不弯
10:39 Feudal Age
12:19 Loom
15:03 Castle Age
13:10 Double-Bit Axe
16:04 Bow Saw
23:17 Wheelbarrow
23:57 Man-at-Arms
24:29 Fletching
29:05 Imperial Age
27:03 Bodkin Arrow
27:21 Gold Mining
27:13 Horse Collar
28:43 Thumb Ring
28:59 Ballistics
28:52 Padded Archer Armor
29:29 Kasbah
29:54 Leather Archer Armor
30:01 Bracer
30:00 Elite Genitour
32:07 Leather Archer Armor
32:12 Hand Cart
31:40 Elite Camel Archer
33:33 Conscription
34:34 Chemistry
35:50 Husbandry
36:41 Ring Archer Armor
36:55 Bloodlines
37:09 Scale Barding Armor
36:51 Heavy Camel Rider
38:13 Chain Barding Armor
39:23 Plate Barding Armor
40:21 Forging
41:37 Iron Casting
41:37 Maghrebi Camels
41:21 Light Cavalry
43:51 Blast Furnace
42:43 Hussar
44:59 Town Watch
KRYPTAERNN
4:12 Loom
11:39 Feudal Age
17:05 Castle Age
15:00 Double-Bit Axe
15:48 Horse Collar
29:35 Imperial Age
27:48 Wheelbarrow
28:00 Bow Saw
27:56 Stone Mining
28:39 Squires
28:42 Scale Mail Armor
29:19 Hand Cart
29:34 Forging
30:49 Chain Mail Armor
31:54 Chemistry
36:29 Plate Mail Armor
37:59 Ballistics
37:55 Fletching
41:32 Bodkin Arrow
42:23 Bombard Tower
42:31 Conscription
42:32 Bracer
42:33 Padded Archer Armor
43:29 Elite Genoese Crossbowman
43:52 Light Cavalry
44:42 Bloodlines
44:33 Husbandry
45:04 Leather Archer Armor
44:55 Heavy Plow
46:35 Ring Archer Armor
45:45 Elite Skirmisher
48:07 Thumb Ring
48:35 Hussar
49:26 Scale Barding Armor
FATİH
10:25 Feudal Age
15:40 Castle Age
14:01 Double-Bit Axe
14:37 Horse Collar
22:37 Wheelbarrow
22:46 Gold Mining
23:38 Heavy Plow
24:34 Stone Mining
28:52 Imperial Age
29:06 Stone Shaft Mining
29:58 Hand Cart
30:41 Scale Barding Armor
30:37 Scale Mail Armor
31:41 Elite War Elephant
34:36 Forging
36:05 Bow Saw
35:46 Elite Skirmisher
39:29 Chain Barding Armor
39:24 Chain Mail Armor
39:44 Iron Casting
46:41 Town Watch
47:33 Plate Barding Armor
47:29 Plate Mail Armor
47:59 Blast Furnace
46:32 Light Cavalry
47:24 Bloodlines
47:52 Masonry
47:32 Hussar
51:55 Crop Rotation
Anil
10:08 Feudal Age
14:03 Castle Age
12:08 Double-Bit Axe
12:43 Horse Collar
24:03 Wheelbarrow
23:13 Loom
23:40 Town Watch
24:20 Bow Saw
24:14 Heavy Plow
25:58 Hand Cart
29:55 Imperial Age
28:04 Champi Runner
28:45 Squires
28:37 Fletching
28:48 Padded Archer Armor
29:25 Bodkin Arrow
29:41 Forging
29:33 Scale Mail Armor
30:31 Leather Archer Armor
30:59 Bracer
31:17 Chain Mail Armor
32:19 Iron Casting
31:35 Champi Warrior
33:36 Plate Mail Armor
32:39 Elite Skirmisher
33:32 Elite Champi Warrior
35:45 Conscription
37:43 Ballistics
38:24 Chemistry
39:22 Crop Rotation
39:53 Two-Man Saw
39:06 Herbalism
40:05 Elite Temple Guard
Mr. Penis
11:00 Feudal Age
15:10 Castle Age
12:56 Horse Collar
13:02 Double-Bit Axe
18:35 Wheelbarrow
19:00 Fervor
19:17 Loom
20:48 Sanctity
20:41 Bow Saw
23:15 Heavy Plow
23:06 Gold Mining
23:38 Stone Mining
23:42 Town Watch
25:20 Hand Cart
25:44 Gold Shaft Mining
26:23 Stone Shaft Mining
32:58 Imperial Age
30:28 Town Patrol
30:35 Scale Barding Armor
30:41 Forging
30:38 Treadmill Crane
31:55 Chain Barding Armor
32:27 Bloodlines
32:18 Husbandry
32:36 Scale Mail Armor
33:13 Iron Casting
34:06 Elite Steppe Lancer
35:26 Plate Barding Armor
35:58 Conscription
36:11 Murder Holes
36:27 Masonry
37:55 Crop Rotation
42:35 Hoardings
42:03 Fortified Bastions
42:40 Fortified Wall
43:01 Architecture
44:09 Siege Engineers
45:43 Blast Furnace
44:34 Fletching
47:31 Coinage
46:59 Bodkin Arrow
Connection lost

Rejoining the realm…

Still unreachable

The connection could not be restored.

Session expired

The server has moved on; the page needs a fresh start.